General information
- name: BNet
- type: Ladder team game (AT/RT)
- host: Battle.net
- saver: CreepExpert
map: BlastedLands
- players: 8
- length: 26:54
- speed: Fast
- version: 1.29 W3XP
- replay type: Public
» download(335 KB)
Players
team 1 (winner)

»
Hrrly (
teal | 109 APM | 2929 actions | 26:53)
5 Death Knight
3 Death Coil
2 Unholy Aura
4 Lich
2 Frost Nova
2 Frost Armor
2 Crypt Lord
1 Impale
1 Spiked Carapace
» actions
| Assign group hotkey | 149 | |
| Basic commands | 169 | |
| Build / train | 97 | |
| ESC pressed | 10 | |
| Enter build submenu | 38 | |
| Enter hero's abilities submenu | 11 | |
| Give item / drop item | 4 | |
| Remove unit from queue | 1 | |
| Right click | 1090 | |
| Select / deselect | 533 | |
| Select group hotkey | 699 | |
| Use ability | 127 | |
2929 total
» units
| Acolyte | 12 | |
| Ghoul | 5 | |
| Crypt Fiend | 15 | |
| Frost Wyrm | 5 | |
37 total
» upgrades
| Web | 1 | |
| Creature Attack | 3 | |
| Creature Carapace | 3 | |
| Burrow | 1 | |
| Freezing Breath | 1 | |
9 total
» buildings
| Crypt | 2 | |
| Graveyard | 2 | |
| Ziggurat | 22 | |
| Altar of Darkness | 1 | |
| Halls of the Dead | 2 | |
| Tomb of Relics | 1 | |
| Black Citadel | 2 | |
| Sacrificial Pit | 1 | |
| Spirit Tower | 2 | |
| Boneyard | 3 | |
38 total
» build order
00:05 Crypt
00:17 Graveyard
00:22 Graveyard
00:39 Ziggurat
01:24 Altar of Darkness
01:51 Ziggurat
02:34 Halls of the Dead
02:34 Halls of the Dead
03:46 Ziggurat
04:12 Tomb of Relics
04:28 Ziggurat
08:12 Ziggurat
08:13 Ziggurat
08:14 Ziggurat
09:11 Crypt
09:23 Black Citadel
09:23 Black Citadel
09:28 Sacrificial Pit
09:31 Spirit Tower
09:32 Spirit Tower
09:33 Ziggurat
16:30 Boneyard
16:30 Boneyard
16:38 Boneyard
16:39 Ziggurat
16:39 Ziggurat
16:40 Ziggurat
24:09 Ziggurat
24:10 Ziggurat
24:10 Ziggurat
24:12 Ziggurat
24:13 Ziggurat
24:14 Ziggurat
24:14 Ziggurat
24:15 Ziggurat
24:16 Ziggurat
24:16 Ziggurat
24:17 Ziggurat
» items
| Scroll of Regeneration | 4 | |
| Lesser Clarity Potion | 3 | |
| Potion of Healing | 3 | |
| Potion of Mana | 2 | |
| Rod of Necromancy | 1 | |
| Scroll of Healing | 3 | |
| Scroll of Town Portal | 3 | |
19 total
CreepExpert (
red | 109 APM | 2920 actions | 26:54)
10 Paladin
3 Holy Light
3 Divine Shield
1 Resurrection
3 Devotion Aura
» actions
| Assign group hotkey | 69 | |
| Basic commands | 60 | |
| Build / train | 94 | |
| Enter build submenu | 27 | |
| Enter hero's abilities submenu | 10 | |
| Give item / drop item | 2 | |
| Remove unit from queue | 1 | |
| Right click | 1087 | |
| Select / deselect | 743 | |
| Select group hotkey | 734 | |
| Use ability | 93 | |
2920 total
» units
| Peasant | 13 | |
| Footman | 6 | |
| Rifleman | 20 | |
39 total
» upgrades
| Defend | 1 | |
| Gunpowder | 3 | |
| Armor | 3 | |
| Long Rifles | 1 | |
| Lumber Harvesting | 2 | |
| Masonry | 1 | |
| Priest Training | 2 | |
13 total
» buildings
| Altar of Kings | 1 | |
| Barracks | 5 | |
| Farm | 10 | |
| Scout Tower | 1 | |
| Arcane Vault | 2 | |
| Arcane Tower | 1 | |
| Blacksmith | 1 | |
| Town Hall | 3 | |
| Keep | 1 | |
| Lumber Mill | 1 | |
| Castle | 1 | |
| Arcane Sanctum | 2 | |
29 total
» build order
00:49 Altar of Kings
00:52 Barracks
00:54 Farm
00:54 Farm
01:04 Farm
01:47 Scout Tower
02:06 Arcane Vault
02:21 Arcane Tower
02:48 Blacksmith
03:45 Farm
03:53 Farm
04:35 Town Hall
07:14 Keep
07:23 Barracks
07:29 Lumber Mill
11:23 Castle
11:27 Farm
11:27 Farm
11:28 Farm
13:56 Farm
13:57 Farm
16:40 Arcane Sanctum
18:23 Arcane Sanctum
22:07 Barracks
22:08 Barracks
22:08 Barracks
23:13 Town Hall
23:20 Town Hall
26:48 Arcane Vault
» items
| Rod of Necromancy | 1 | |
| Scroll of Regeneration | 7 | |
| Potion of Healing | 4 | |
| Scroll of Town Portal | 6 | |
| Potion of Mana | 6 | |
| Lesser Clarity Potion | 1 | |
| Staff of Sanctuary | 1 | |
| Orb of Fire | 1 | |
27 total
Meh_Meh (
orange | 59 APM | 1583 actions | 26:53)
6 Mountain King
3 Storm Bolt
2 Bash
1 Avatar
» actions
| Assign group hotkey | 31 | |
| Basic commands | 8 | |
| Build / train | 79 | |
| Enter build submenu | 25 | |
| Enter hero's abilities submenu | 6 | |
| Remove unit from queue | 1 | |
| Right click | 689 | |
| Select / deselect | 307 | |
| Select group hotkey | 364 | |
| Use ability | 73 | |
1583 total
» units
| Peasant | 18 | |
| Rifleman | 6 | |
| Mortar Team | 7 | |
31 total
» upgrades
| Gunpowder | 3 | |
| Lumber Harvesting | 2 | |
| Long Rifles | 1 | |
| Armor | 3 | |
| Masonry | 2 | |
| Fragmentation Shards | 1 | |
| Flare | 1 | |
| Swords | 2 | |
| Barrage | 1 | |
| Flak Cannons | 1 | |
17 total
» buildings
| Altar of Kings | 1 | |
| Barracks | 2 | |
| Farm | 9 | |
| Arcane Vault | 1 | |
| Lumber Mill | 1 | |
| Blacksmith | 1 | |
| Keep | 1 | |
| Town Hall | 2 | |
| Scout Tower | 6 | |
| Guard Tower | 4 | |
| Castle | 1 | |
| Workshop | 2 | |
31 total
» build order
00:12 Altar of Kings
00:22 Barracks
00:38 Farm
01:08 Arcane Vault
01:24 Lumber Mill
01:56 Barracks
02:12 Blacksmith
02:25 Farm
02:33 Farm
03:33 Keep
04:02 Farm
05:50 Town Hall
06:23 Scout Tower
06:38 Farm
07:19 Guard Tower
07:35 Castle
09:36 Workshop
09:40 Workshop
09:49 Scout Tower
09:54 Scout Tower
10:01 Scout Tower
10:22 Guard Tower
11:25 Guard Tower
13:51 Scout Tower
13:54 Scout Tower
16:36 Town Hall
19:08 Farm
19:10 Farm
19:14 Farm
19:18 Farm
20:38 Guard Tower
» items
| Scroll of Regeneration | 3 | |
| Lesser Clarity Potion | 6 | |
| Potion of Healing | 3 | |
| Potion of Mana | 2 | |
| Scroll of Town Portal | 3 | |
| Orb of Fire | 1 | |
18 total

»
nalratoss (
pink | 89 APM | 2381 actions | 26:53)
6 Death Knight
2 Death Coil
3 Unholy Aura
1 Animate Dead
4 Dreadlord
2 Vampiric Aura
2 Sleep
» actions
| Assign group hotkey | 36 | |
| Basic commands | 229 | |
| Build / train | 135 | |
| ESC pressed | 1 | |
| Enter build submenu | 20 | |
| Enter hero's abilities submenu | 9 | |
| Give item / drop item | 2 | |
| Right click | 873 | |
| Select / deselect | 330 | |
| Select group hotkey | 693 | |
| Use ability | 53 | |
2381 total
» units
| Acolyte | 18 | |
| Ghoul | 27 | |
| Gargoyle | 19 | |
| Abomination | 6 | |
| Obsidian Statue | 1 | |
71 total
» upgrades
| Cannibalize | 1 | |
| Unholy Armor | 2 | |
| Unholy Strength | 3 | |
| Ghoul Frenzy | 1 | |
| Disease Cloud | 1 | |
| Creature Attack | 2 | |
| Creature Carapace | 1 | |
11 total
» buildings
| Crypt | 2 | |
| Ziggurat | 8 | |
| Graveyard | 1 | |
| Altar of Darkness | 1 | |
| Tomb of Relics | 1 | |
| Halls of the Dead | 3 | |
| Slaughterhouse | 2 | |
| Black Citadel | 3 | |
| Spirit Tower | 8 | |
29 total
» build order
00:11 Crypt
00:22 Ziggurat
00:41 Graveyard
01:11 Ziggurat
01:40 Altar of Darkness
02:43 Ziggurat
02:57 Tomb of Relics
04:33 Halls of the Dead
04:34 Halls of the Dead
04:34 Halls of the Dead
05:17 Crypt
06:08 Ziggurat
08:04 Slaughterhouse
08:20 Slaughterhouse
10:28 Black Citadel
10:28 Black Citadel
10:28 Black Citadel
14:41 Ziggurat
14:46 Ziggurat
14:51 Ziggurat
15:54 Ziggurat
18:23 Spirit Tower
18:23 Spirit Tower
19:10 Spirit Tower
19:10 Spirit Tower
19:10 Spirit Tower
21:51 Spirit Tower
21:51 Spirit Tower
21:51 Spirit Tower
» items
| Scroll of Town Portal | 4 | |
| Potion of Healing | 2 | |
| Orb of Corruption | 1 | |
7 total
team 2 (loser)
Ved (
blue | 138 APM | 3707 actions | 26:53)
5 Archmage
3 Summon Water Elemental
2 Brilliance Aura
4 Mountain King
2 Storm Bolt
2 Bash
4 Paladin
2 Holy Light
1 Divine Shield
1 Devotion Aura
» actions
| Assign group hotkey | 90 | |
| Basic commands | 298 | |
| Build / train | 88 | |
| ESC pressed | 2 | |
| Enter build submenu | 42 | |
| Enter hero's abilities submenu | 13 | |
| Give item / drop item | 2 | |
| Right click | 1042 | |
| Select / deselect | 448 | |
| Select group hotkey | 1550 | |
| Use ability | 132 | |
3707 total
» units
| Peasant | 14 | |
| Footman | 3 | |
| Priest | 4 | |
| Gryphon Rider | 12 | |
| Spell Breaker | 4 | |
| Sorceress | 1 | |
38 total
» upgrades
| Lumber Harvesting | 2 | |
| Masonry | 3 | |
| Swords | 3 | |
| Animal War Training | 1 | |
| Priest Training | 2 | |
| Storm Hammers | 1 | |
| Armor | 2 | |
14 total
» buildings
| Altar of Kings | 1 | |
| Barracks | 1 | |
| Farm | 14 | |
| Scout Tower | 11 | |
| Arcane Tower | 2 | |
| Town Hall | 2 | |
| Keep | 1 | |
| Arcane Vault | 1 | |
| Lumber Mill | 1 | |
| Blacksmith | 1 | |
| Castle | 1 | |
| Guard Tower | 5 | |
| Arcane Sanctum | 2 | |
| Gryphon Aviary | 3 | |
46 total
» build order
00:10 Altar of Kings
00:25 Barracks
00:32 Farm
00:58 Farm
01:33 Scout Tower
02:01 Arcane Tower
02:09 Farm
03:53 Town Hall
04:13 Keep
05:03 Arcane Vault
05:07 Farm
05:09 Farm
05:13 Lumber Mill
05:24 Scout Tower
05:25 Scout Tower
05:25 Scout Tower
05:31 Scout Tower
05:35 Scout Tower
05:43 Blacksmith
05:58 Arcane Tower
06:36 Castle
06:41 Guard Tower
07:13 Guard Tower
07:17 Guard Tower
07:35 Arcane Sanctum
08:00 Gryphon Aviary
09:26 Scout Tower
09:32 Gryphon Aviary
09:35 Arcane Sanctum
09:43 Gryphon Aviary
10:04 Guard Tower
13:01 Farm
13:04 Farm
13:48 Farm
18:40 Farm
18:41 Farm
18:42 Farm
18:43 Farm
19:09 Farm
19:10 Farm
23:16 Scout Tower
23:17 Scout Tower
23:19 Scout Tower
23:19 Scout Tower
23:56 Town Hall
24:24 Guard Tower
» items
| Healing Salve | 1 | |
| Scroll of Regeneration | 1 | |
| Potion of Healing | 2 | |
| Staff of Sanctuary | 1 | |
| Orb of Fire | 1 | |
| Scroll of Town Portal | 3 | |
| Orb of Lightning | 1 | |
| Staff of Preservation | 1 | |
11 total

»
Stoiky (
yellow | 44 APM | 1145 actions | 25:47)
7 Mountain King
3 Storm Bolt
3 Bash
1 Avatar
» actions
| Assign group hotkey | 27 | |
| Basic commands | 19 | |
| Build / train | 98 | |
| Enter build submenu | 30 | |
| Enter hero's abilities submenu | 7 | |
| Remove unit from queue | 3 | |
| Right click | 496 | |
| Select / deselect | 306 | |
| Select group hotkey | 78 | |
| Use ability | 81 | |
1145 total
» units
| Peasant | 16 | |
| Footman | 17 | |
| Gryphon Rider | 9 | |
| Knight | 7 | |
49 total
» upgrades
| Defend | 1 | |
| Swords | 3 | |
| Plating | 4 | |
| Lumber Harvesting | 2 | |
| Masonry | 1 | |
| Storm Hammers | 1 | |
| Animal War Training | 1 | |
13 total
» buildings
| Altar of Kings | 1 | |
| Farm | 14 | |
| Barracks | 2 | |
| Arcane Vault | 1 | |
| Scout Tower | 9 | |
| Arcane Tower | 1 | |
| Lumber Mill | 1 | |
| Town Hall | 5 | |
| Guard Tower | 4 | |
| Keep | 1 | |
| Blacksmith | 1 | |
| Castle | 1 | |
| Gryphon Aviary | 2 | |
43 total
» build order
00:20 Altar of Kings
00:21 Farm
00:24 Farm
00:36 Barracks
01:00 Farm
01:54 Arcane Vault
02:04 Scout Tower
02:33 Arcane Tower
02:43 Lumber Mill
03:57 Farm
04:40 Town Hall
05:38 Scout Tower
05:39 Scout Tower
07:09 Guard Tower
07:13 Keep
07:19 Blacksmith
07:22 Farm
08:01 Farm
08:41 Farm
09:58 Castle
10:48 Gryphon Aviary
10:50 Gryphon Aviary
11:36 Farm
11:37 Farm
12:24 Guard Tower
12:26 Guard Tower
12:46 Guard Tower
13:36 Farm
13:42 Farm
13:46 Farm
15:03 Farm
15:04 Farm
19:59 Town Hall
20:20 Barracks
22:28 Town Hall
22:31 Town Hall
22:53 Town Hall
24:58 Scout Tower
24:59 Scout Tower
25:01 Scout Tower
25:02 Scout Tower
25:03 Scout Tower
25:07 Scout Tower
» items
| Scroll of Regeneration | 2 | |
| Lesser Clarity Potion | 3 | |
| Mechanical Critter | 1 | |
| Scroll of Town Portal | 4 | |
| Ivory Tower | 5 | |
| Potion of Healing | 1 | |
| Orb of Fire | 2 | |
18 total

»
SjoerdMans (
green | 60 APM | 1554 actions | 26:05)
5 Demon Hunter
3 Mana Burn
2 Evasion
3 Keeper of the Grove
2 Entangling Roots
1 Thorns Aura
» actions
| Assign group hotkey | 34 | |
| Basic commands | 30 | |
| Build / train | 68 | |
| Enter build submenu | 15 | |
| Enter hero's abilities submenu | 8 | |
| Give item / drop item | 2 | |
| Remove unit from queue | 6 | |
| Right click | 908 | |
| Select / deselect | 317 | |
| Select group hotkey | 90 | |
| Use ability | 76 | |
1554 total
» units
| Wisp | 12 | |
| Archer | 6 | |
| Huntress | 18 | |
| Druid of the Claw | 1 | |
| Mountain Giant | 3 | |
40 total
» upgrades
| Moon Armor | 1 | |
| Strength of the Moon | 2 | |
| Improved Bows | 1 | |
| Druid of the Claw Training | 1 | |
5 total
» buildings
| Altar of Elders | 1 | |
| Moon Well | 5 | |
| Ancient of War | 1 | |
| Hunter's Hall | 1 | |
| Tree of Ages | 1 | |
| Ancient of Lore | 2 | |
| Ancient of Wonders | 1 | |
| Tree of Life | 4 | |
16 total
» build order
00:09 Altar of Elders
00:23 Moon Well
00:37 Ancient of War
01:38 Moon Well
02:32 Hunter's Hall
03:09 Moon Well
04:32 Tree of Ages
04:42 Moon Well
07:32 Ancient of Lore
07:37 Ancient of Wonders
07:48 Tree of Life
13:48 Tree of Life
15:35 Moon Well
18:02 Tree of Life
18:12 Ancient of Lore
22:08 Tree of Life
» items
| Potion of Healing | 3 | |
| Scroll of Town Portal | 3 | |
6 total
kahba (
purple | 91 APM | 2333 actions | 25:37)
4 Tauren Chieftain
2 War Stomp
1 Shockwave
1 Endurance Aura
» actions
| Assign group hotkey | 8 | |
| Build / train | 71 | |
| Enter build submenu | 15 | |
| Enter hero's abilities submenu | 4 | |
| Give item / drop item | 1 | |
| Remove unit from queue | 9 | |
| Right click | 1415 | |
| Select / deselect | 332 | |
| Select group hotkey | 421 | |
| Use ability | 57 | |
2333 total
» units
| Peon | 6 | |
| Troll Headhunter/Berserker | 22 | |
| Shaman | 10 | |
38 total
» upgrades
| Spiked Barricades | 0 | |
| Ranged Weapons | 3 | |
| Armor | 3 | |
| Troll Regeneration | 1 | |
| Shaman Training | 2 | |
| Berserker Upgrade | 1 | |
| Backpack | 1 | |
| Reinforced Defenses | 1 | |
12 total
» buildings
| Altar of Storms | 1 | |
| Orc Burrow | 9 | |
| Barracks | 1 | |
| War Mill | 1 | |
| Voodoo Lounge | 1 | |
| Stronghold | 1 | |
| Fortress | 1 | |
| Spirit Lodge | 1 | |
| Watch Tower | 4 | |
20 total
» build order
00:12 Altar of Storms
00:16 Orc Burrow
00:46 Barracks
01:33 War Mill
01:53 Orc Burrow
03:56 Voodoo Lounge
04:23 Stronghold
05:02 Orc Burrow
06:54 Fortress
07:10 Spirit Lodge
08:28 Orc Burrow
10:43 Watch Tower
10:45 Watch Tower
10:46 Watch Tower
10:48 Watch Tower
14:44 Orc Burrow
22:48 Orc Burrow
22:49 Orc Burrow
22:50 Orc Burrow
22:55 Orc Burrow
» items
| Healing Salve | 3 | |
| Orb of Lightning | 1 | |
4 total
Chat log
(05:07 / Allies) Hrrly: me or you exp?
(09:42 / Allies) CreepExpert: b
(11:55 / Allies) Hrrly: all your workers are here
(12:32 / Allies) Hrrly: pink
(12:34 / Allies) Hrrly: your workers
(12:36 / Allies) Hrrly: following me
(13:21 / Allies) CreepExpert: b
(13:27 / Allies) CreepExpert: b
(13:51 / Allies) Hrrly: nalatoss
(13:52 / Allies) Hrrly: your workers
(13:55 / Allies) Hrrly: are following me
(13:57 / Allies) Hrrly: for the last 5 min
(15:40 / Allies) nalratoss: bb
(16:21 / Allies) CreepExpert: b to base
(16:23 / Allies) CreepExpert: and when they counter I tp
(16:31 / Allies) CreepExpert: or if they tp top I tp
(19:45 / Allies) CreepExpert: wood
(24:28 / Allies) CreepExpert: ty for godl btw
(25:29 / All) Stoiky: gg
(25:37 / All) CreepExpert: I was only going to creep
(25:42 / All) Stoiky: )
(25:47 / All) CreepExpert: but I didn't like how you went at me liek that
(25:50 / All) CreepExpert: you came at me wrong cuh